 Dungeon Crawl Stone Soup version 0.25-a0-589-g1e14c549ee (webtiles) character file.

Game seed: 13373466091111341133, levelgen mode: deterministic

12 Kohma the Insei (level 2, 0/18 HPs)
             Began as an Octopode Transmuter on Mar 9, 2020.
             Succumbed to hobgoblin's curare-tipped dart
             ... on level 1 of the Dungeon.
             The game lasted 00:02:10 (370 turns).

Kohma the Insei (Octopode Transmuter)                Turns: 370, Time: 00:02:10

Health: 0/18       AC:  1    Str:  9    XL:     2   Next: 33%
Magic:  5/5        EV: 13    Int: 15    God:
Gold:   24         SH:  0    Dex: 12    Spells: 4/5 levels left

rFire    . . .     SeeInvis .     - Unarmed
rCold    . . .     Gourm    .   (no shield)
rNeg     . . .     Faith    .   (helmet restricted)
rPois    .         Spirit   .   (no amulet)
rElec    .         Reflect  .   (no ring)
rCorr    .         Harm     .   (no ring)
MR       .....                  (no ring)
Stlth    ++........             (no ring)
HPRegen  0.06/turn              (no ring)
MPRegen  0.09/turn              (no ring)
                                (no ring)
                                (no ring)

@: lethally poisoned (0 -> -8), flying, slowed, very slow
A: almost no armour, stealthy swim, amphibious, 8 rings, constrict 8, camouflage
1, gelatinous body 1
a: no special abilities


You were on level 1 of the Dungeon.
You were not hungry.

You visited 1 branch of the dungeon, and saw 1 of its levels.

You collected 24 gold pieces.

Inventory:

Missiles
 a - 37 arrows
Comestibles
 b - 3 chunks of flesh
 c - a ration


   Skills:
 + Level 1.3 Fighting
 - Level 2.0 Dodging
 * Level 3.2 Unarmed Combat
 - Level 2.0 Spellcasting
 * Level 2.4 Transmutations


You had 4 spell levels left.
You knew the following spells:

 Your Spells              Type           Power        Failure   Level  Hunger
a - Beastly Appendage     Tmut           #.....       9%          1    #......

Your spell library contained the following spells:

 Spells                   Type           Power        Failure   Level  Hunger
 Sticks to Snakes         Tmut           #.......     13%         2    ###....
 Spider Form              Tmut/Pois      #.........   38%         3    ###....
 Ice Form                 Ice/Tmut       #.......     80%         4    #####..
 Blade Hands              Tmut           #.........   93%         5    ######.


Dungeon Overview and Level Annotations

Branches:
Dungeon (1/15)

Altars:


Innate Abilities, Weirdness & Mutations

You cannot wear most types of armour.
You are very stealthy in the water. (Stealth+)
You are amphibious.
You can wear up to eight rings at the same time.
You can use your tentacles to constrict eight enemies at once.
Your skin changes colour to match your surroundings (Stealth+).
Your rubbery body absorbs attacks. (AC +1, EV +1)


Message History

The curare-tipped dart closely misses you.
* * * LOW HITPOINT WARNING * * *
You feel sick.
The hobgoblin throws a curare-tipped dart.
The curare-tipped dart barely misses you.
You see here 2 curare-tipped darts.
* * * LOW HITPOINT WARNING * * *
You feel sick.
* * * LOW HITPOINT WARNING * * *
You feel sick.
It was a potion of flight.
You feel very buoyant.
You fly up into the air.
Your tentacle spike disappears.
* * * LOW HITPOINT WARNING * * *
You feel sick.
As you read the scroll labeled DERIF ONAG, it crumbles to dust.
It is a scroll of identify.
You don't have any unidentified items.
You die...

#####.##....##.#####>#
......##.##.##.# #.#
.#######.##.##.# #.#
.#.......##....# #.#
...####..###########.# #
..........#.......(..#.####.
..#.....#.#....#..(.........
..#.....#.#....#.####)......
..#.....#.#....#@# .......
..#.....#.###+##.# .....$.
..#..<..#.# #.# .......
..#.....#.# #.. .......
..#.....#.# ### .......
..#.....#.# .......
..#รท....#.# ..........#
.##########


There were no monsters in sight!

Vanquished Creatures
  A dart slug (D:1)
  A goblin (D:1)
  A hobgoblin (D:1)
  A jackal (D:1)
  A kobold (D:1)
  A bat (D:1)
  2 frilled lizards (D:1)
  3 rats (D:1)
11 creatures vanquished.

Notes
Turn   | Place    | Note
-------+----------+-------------------------------------------
     0 | D:1      | Kohma the Octopode Transmuter began the quest for the Orb.
     0 | D:1      | Reached XP level 1. HP: 13/13 MP: 3/3
   230 | D:1      | Reached XP level 2. HP: 18/18 MP: 5/5
   370 | D:1      | Succumbed to hobgoblin's curare-tipped dart

Levels and vault maps discovered:
D:1:      minmay_arrival_semitransparent, layout_basic

Action                   || total
-------------------------++-------
Melee: Unarmed           ||    21
       Constrict         ||     8
       Kick              ||     3
       Tentacles         ||     4
 Cast: Beastly Appendage ||     5
  Use: Scroll            ||     1
       Potion            ||     1
 Stab: Sleeping          ||     3
Dodge: Dodged            ||    13

Table legend:
 A = Non-vault XP
 B = Vault XP
 C = Vault XP percentage of total XP
 D = Non-vault monster count
 E = Vault monster count
 F = Vault count percentage of total count
                 A         B        C        D         E       F
            +---------+---------+-------+---------+---------+-------
      Total |      18 |       0 |   0.0 |      11 |       0 |   0.0
            +---------+---------+-------+---------+---------+-------
        D:1 |      18 |       0 |   0.0 |      11 |       0 |   0.0
            +---------+---------+-------+---------+---------+-------
